Map: Dusk Towers

Players

Rodzyn - Winner!

  • Race: Protoss Protoss
  • League: Grandmaster

Miszu

  • Race: Terran Terran
  • League: Grandmaster

VOD

Have the link to the VOD?

Description

Time

  • Played on: June 3, 2016, 12:38 p.m.
  • Length: 11:20
Show
View Real Time Build Order
Export as new Build Order

Rodzyn Protoss - Winner!

Build Orders: 1 Gate Expand 

Get SALT Encoding   

  12  0:02  Probe (Chrono Boost)  
  13  0:12  Probe (Chrono Boost)  
  14  0:17  Pylon  
  14  0:23  Probe (Chrono Boost)  
  16  0:35  Probe (Chrono Boost)  
  16  0:36  Gateway  
  16  0:46  Probe (Chrono Boost)  
  16  0:47  Assimilator  
  17  0:57  Probe (Chrono Boost)  
  18  1:07  Probe (Chrono Boost)  
  19  1:19  Probe (Chrono Boost)  
  20  1:26  Nexus  
  20  1:32  Probe (Chrono Boost)  
  21  1:37  Cybernetics Core  
  21  1:40  Assimilator  
  21  1:43  Probe (Chrono Boost)  
  22  1:51  Pylon  
  22  1:56  Probe (Chrono Boost)  
  23  2:09  Probe (Chrono Boost)  
  23  2:14  Adept (Chrono Boost)  
  23  2:15  Warp Gate  
  26  2:20  Probe  
  27  2:24  Twilight Council  
  27  2:32  Probe (Chrono Boost)  
  28  2:40  Probe (Chrono Boost)  
  28  2:44  Probe (Chrono Boost)  
  30  2:51  Probe (Chrono Boost)  
  30  2:54  Robotics Facility  
  30  2:55  Probe (Chrono Boost)  
  31  3:03  Probe (Chrono Boost), Resonating Glaives (Chrono Boost)  
  34  3:06  Probe (Chrono Boost)  
  34  3:12  Probe  
  36  3:21  Probe  
  36  3:26  Gateway, Probe  
  35  3:29  Gateway  
  35  3:34  Probe  
  37  3:35  Pylon  
  37  3:40  Warp Prism (Chrono Boost)  
  39  3:43  Probe  
  39  3:46  Probe  
  41  3:53  Gateway  
  41  3:57  Gateway  
  41  4:01  Gateway  
  41  4:03  Probe  
  41  4:09  Gateway  
  42  4:16  Warp Prism (Chrono Boost)  
  44  4:20  Pylon  
  44  4:23  Pylon  
  44  4:31  Mothership Core  
  46  4:36  Adept x3  
  52  4:47  Warp Prism (Chrono Boost)  
  54  5:02  Adept x4  
  54  5:03  Adept x2  
  56  5:20  Adept  
  54  5:23  Adept x5  
  54  5:24  Adept  
  44  5:52  Adept x2  
  44  5:53  Adept x4  
  44  5:54  Adept  
  56  6:10  Warp Prism (Chrono Boost)  
  50  6:13  Adept  
  50  6:14  Adept x5  
  50  6:17  Adept  
  50  6:51  Probe x2  
  44  6:55  Adept x5  
  44  6:56  Adept x2  
  44  6:57  Warp Prism (Chrono Boost)  
  60  7:08  Probe x2  
  62  7:12  Pylon  
  58  7:32  Adept x4  
  58  7:33  Adept x2  
  64  7:49  Probe  
  63  7:54  Nexus  
  61  8:02  Adept x6  
  61  8:03  Adept  
  61  8:04  Warp Prism (Chrono Boost)  
  61  8:22  Blink  
  61  8:23  Probe  
  61  8:24  Probe  
  61  8:26  Assimilator  
  59  8:28  Assimilator  
  55  8:37  Pylon  
  55  8:43  Probe  
  56  8:55  Probe  
  57  8:56  Probe  
  57  9:02  Immortal (Chrono Boost)  
  60  9:07  Adept x6, Probe  
  60  9:08  Adept  
  71  9:10  Probe  
  71  9:12  Probe  
  73  9:19  Probe  
  74  9:29  Probe  
  75  9:36  Immortal (Chrono Boost)  
  75  9:38  Adept x6  
  87  9:39  Adept  
  87  9:43  Stalker x2, Probe  
  87  9:44  Stalker x5  
  92  9:49  Probe  
  92  9:50  Probe  
  92  9:52  Assimilator  
  94  9:53  Assimilator  
  88  10:03  Probe  
  88  10:05  Probe  
  84  10:17  Sentry x2, Stalker, Probe  
  84  10:18  Stalker x4  
  99  10:25  Immortal (Chrono Boost)  
  101  10:29  Pylon x2  
  101  10:32  Pylon x2  
  101  10:42  Forge  
  101  10:44  Forge  
  101  10:45  Pylon  
  101  10:55  Templar Archives  
  101  10:57  Adept  
  101  10:58  Adept x3  
  111  11:11  Adept x3  
Show
View Real Time Build Order
Export as new Build Order

Miszu Terran 

Build Orders: Liberator Opening, Reaper Expand 

Get SALT Encoding   

  12  0:00  SCV  
  13  0:12  SCV  
  14  0:17  Supply Depot  
  14  0:24  SCV  
  15  0:38  SCV  
  15  0:41  Barracks  
  16  0:44  Refinery  
  16  0:50  SCV  
  17  1:03  SCV  
  18  1:15  SCV  
  19  1:29  Orbital Command  
  19  1:30  Reaper  
  20  1:43  Command Center  
  20  1:52  Supply Depot  
  20  1:55  SCV  
  21  2:07  Barracks Reactor  
  21  2:10  SCV  
  22  2:22  Factory, SCV  
  23  2:29  Refinery  
  23  2:34  SCV  
  24  2:43  Marine x2  
  26  2:46  SCV  
  27  2:58  SCV, Orbital Command  
  28  3:03  Marine x2  
  28  3:05  Starport, Factory Tech Lab  
  30  3:10  SCV  
  31  3:22  SCV  
  31  3:24  SCV  
  31  3:25  Siege Tank  
  35  3:28  Supply Depot  
  35  3:29  Marine x2  
  37  3:34  SCV  
  37  3:35  Liberator  
  37  3:36  SCV  
  39  3:47  Marine x2, SCV  
  39  3:48  SCV  
  43  3:54  Supply Depot  
  46  4:15  SCV  
  46  4:16  Supply Depot, SCV  
  48  4:17  Barracks  
  48  4:18  Barracks  
  48  4:21  Marine x2  
  48  4:22  Siege Tank  
  53  4:35  SCV x2  
  55  4:39  Marine x2  
  55  4:44  Supply Depot  
  60  4:46  Viking  
  60  4:49  SCV x2  
  60  4:51  Refinery  
  60  4:52  Engineering Bay, Refinery  
  61  4:57  Marine x2  
  61  4:58  Siege Tank  
  66  5:01  SCV  
  59  5:35  Viking  
  57  5:36  SCV  
  57  5:37  SCV  
  59  5:44  Marine x2  
  59  5:45  Barracks Tech Lab x2  
  59  5:49  Barracks  
  61  5:50  Barracks  
  61  5:53  SCV  
  61  5:54  SCV  
  63  6:01  Marine  
  63  6:02  Marine  
  61  6:05  SCV  
  56  6:14  Marine x2  
  56  6:15  Siege Tank  
  61  6:19  Marine x2  
  54  6:33  Marauder  
  54  6:37  Marine x3  
  46  6:53  Hellion  
  47  6:54  Marine x3, SCV  
  47  6:55  Marine x2, SCV  
  53  7:06  SCV  
  53  7:07  SCV  
  55  7:10  Marine  
  55  7:12  Marine x3  
  55  7:13  Marine  
  60  7:18  SCV  
  60  7:19  SCV  
  62  7:23  Medivac  
  64  7:30  Marauder  
  64  7:33  Supply Depot  
  66  7:38  Marine x5  
  61  7:50  SCV  
  57  7:51  Marine  
  57  7:55  Marine  
  57  7:56  Marine x4  
  63  8:09  Marine  
  58  8:13  Marine  
  58  8:14  Marine x3, Marauder  
  53  8:23  SCV  
  50  8:34  Stimpack, SCV  
  50  8:40  Marine x3  
  54  8:42  Marine  
  54  8:46  SCV  
  54  8:47  SCV  
  56  8:55  Marauder  
  58  8:59  Marine x2  
  59  9:13  SCV x2  
  59  9:25  SCV x2  
  59  9:36  Marauder  
  59  9:38  Marauder  
  61  9:39  Marine  
  61  9:43  Marine  
  61  9:44  Marine x2  
  62  9:56  Marine  
  57  10:15  Marauder  
  57  10:19  SCV  
  57  10:21  Marine x2  
  61  10:26  Marine  
  61  10:27  Marine x2  
  62  10:36  Marine  
  62  10:39  Marine x2, SCV x2  
  67  10:44  Marine  
  67  10:45  Marine x2  
  67  10:47  Medivac  
  72  10:51  SCV  
  72  10:52  SCV  
  72  10:53  Marine  
  75  11:03  SCV  
  75  11:04  SCV  
Tags
 
Add a new tag
Caveats
  • Supply blocks, unpowered buildings, or Contaminate may cause inaccurate times.
  • Supply counts are checked every 10 seconds.